 Dungeon Crawl Stone Soup version 0.19.1 (webtiles) character file.

74 Mefis the Magician (level 4, 0/24 HPs)
             Began as a Deep Elf Wizard on Dec 14, 2016.
             Killed by nerve-wracking pain
             ... invoked by Jessica
              (12 damage)
             ... on level 2 of the Dungeon.
             The game lasted 00:02:50 (1467 turns).

Mefis the Magician (Deep Elf Wizard)                Turns: 1467, Time: 00:02:51

Health: 0/24       AC:  4    Str:  4    XL:     4   Next: 10%
Magic:  3/13       EV: 13    Int: 24    God:
Gold:   64         SH:  0    Dex: 13    Spells: 5 memorised, 3 levels left

rFire  . . .     SeeInvis .     f - +0 short sword
rCold  + . .     Gourm    .     h - +1 robe {rC+}
rNeg   . . .     Faith    .     (no shield)
rPois  .         Spirit   .     b - +0 hat
rElec  .         Reflect  .     (no cloak)
rCorr  .         Harm     .     n - +0 pair of gloves
MR     .....                    (no boots)
Stlth  ++........               (no amulet)
                                (no ring)
                                (no ring)

@: very slightly contaminated, repel missiles
A: no striking features
a: no special abilities


You were on level 2 of the Dungeon.
You were hungry.

You visited 1 branch of the dungeon, and saw 2 of its levels.

You collected 64 gold pieces.

Inventory:

Hand Weapons
 f - a +0 short sword (weapon)
Armour
 a - a +0 robe
 b - a +0 hat (worn)
 h - a +1 robe of cold resistance (worn)
 n - a +0 pair of gloves (worn)
Scrolls
 e - 2 scrolls of noise {unknown}
 g - 2 scrolls of identify {unknown}
 j - 2 scrolls of amnesia {unknown}
 o - a scroll of remove curse {unknown}
Potions
 i - a potion of haste {unknown}
 k - a potion of degeneration {unknown}
 l - a potion of flight {unknown}
 m - a potion of resistance {unknown}
Books
 c - a book of Minor Magic

   Spells                             Type                      Level
   a - Magic Dart                     Conjuration                  1
   b - Blink                          Translocation                2
   c - Call Imp                       Summoning                    2
   d - Repel Missiles                 Charms/Air                   2
   e - Slow                           Hexes                        2
   f - Conjure Flame                  Conjuration/Fire             3
   g - Mephitic Cloud                 Conjuration/Poison/Air       3
Comestibles
 d - a bread ration


   Skills:
 + Level 2.8 Dodging
 + Level 3.1 Stealth
 * Level 5.0 Spellcasting
 + Level 2.1 Conjurations
 + Level 1.4 Summonings
 + Level 1.7 Translocations
 + Level 1.0 Air Magic
 + Level 0.2 Poison Magic


You had 3 spell levels left.
You knew the following spells:

 Your Spells              Type           Power        Failure   Level  Hunger
a - Magic Dart            Conj           ###.         4%          1    None
b - Call Imp              Summ           ##......     10%         2    None
c - Blink                 Tloc           N/A          10%         2    None
d - Repel Missiles        Chrm/Air       #.....       12%         2    None
e - Mephitic Cloud        Conj/Pois/Air  ##......     21%         3    ##.....


Dungeon Overview and Level Annotations

Branches:
Dungeon (2/15)

Altars:
Nemelex Xobeh
Zin

Annotations:
D:2 Jessica, Sigmund


Message History

Jessica shouts!
Jessica casts a spell at you. Pain shoots through your body!
Jessica gestures wildly while chanting.
Jessica blinks!
You open the door.
Casting: Magic Dart
Confirm with . or Enter, or press ? or * to list all spells.
Aiming: Mephitic Cloud
Press: ? - help, Shift-Dir - straight line, f - Jessica
Aim: Jessica, wearing a robe You miscast Mephitic Cloud.
You are very lightly contaminated with residual magic.
Smoke pours from your hands! Jessica gestures at you while chanting.
Pain shoots through your body!
Jessica points at you and mumbles some strange words.
Pain shoots through your body!
Ouch! That really hurt!
You die...

..... .....
....# #.#.#
#.#.## ##
#.#..# #§#
#.#..# §#§#
#..@.+###
###@@#
#.#.....#
#§§§§#
###.#.#####
###§§#
.[..#.#
##§##
#####.#
#..# #.#
##.## #.#
#..# #.#
#.## #.#
#.#


You could see Jessica.

Vanquished Creatures
  3 adders (D:2)
  An ooze (D:1)
  A worm (D:2)
  3 leopard geckos
  4 bats (D:1)
  A giant cockroach (D:1)
  6 goblins
  4 hobgoblins
  7 kobolds
  A ball python (D:2)
  3 frilled lizards (D:1)
  5 rats
39 creatures vanquished.

Notes
Turn   | Place    | Note
-------+----------+-------------------------------------------
     0 | D:1      | Mefis the Deep Elf Wizard began the quest for the Orb.
     0 | D:1      | Reached XP level 1. HP: 10/10 MP: 7/7
   265 | D:1      | Reached XP level 2. HP: 15/15 MP: 5/9
   269 | D:1      | Learned a level 2 spell: Call Imp
   272 | D:1      | Learned a level 2 spell: Blink
   275 | D:1      | Learned a level 2 spell: Repel Missiles
   809 | D:1      | Reached XP level 3. HP: 19/19 MP: 8/11
   817 | D:1      | Learned a level 3 spell: Mephitic Cloud
   968 | D:2      | Found a sparkling altar of Nemelex Xobeh.
  1136 | D:2      | Reached skill level 5 in Spellcasting
  1175 | D:2      | Noticed an angel
  1176 | D:2      | Found a glowing silver altar of Zin.
  1183 | D:2      | Reached skill level 1 in Air Magic
  1417 | D:2      | Noticed Sigmund
  1420 | D:2      | Reached XP level 4. HP: 20/24 MP: 4/13
  1459 | D:2      | Noticed Jessica
  1467 | D:2      | Killed from afar by Jessica

Skill      XL: |  1  2  3 |
---------------+----------+-----
Stealth        | 3 |  3.1
Spellcasting   | 5 |  5.0
Air Magic      | 1 |  1.0
Conjurations   | 2 |  2.1
Dodging        | |  2.8
Summonings     | |  1.4
Translocations | |  1.7
Poison Magic   | |  0.2

Action                   |  1- 3 |  4- 6 || total
-------------------------+-------+-------++-------
Melee: Short sword       |     8 |       ||     8
 Cast: Magic Dart        |    98 |     2 ||   100
       Repel Missiles    |     1 |       ||     1
       Mephitic Cloud    |     1 |     1 ||     2
  Eat: Chunk             |     1 |       ||     1
Armor: Robe              |     1 |       ||     1
Dodge: Dodged            |     9 |       ||     9
